 Dungeon Crawl Stone Soup version 0.31.0-32-g396128a36d (webtiles) character file.

Game seed: 5227542504356664873

217 Finalfun the Sneak (level 5, 0/31 HPs)
             Began as an Octopode Earth Elementalist on Mar 24, 2024.
             Slain by a scorpion (7 damage)
             ... on level 5 of the Dungeon.
             The game lasted 00:06:16 (3262 turns).

Finalfun the Sneak (Octopode Earth Elementalist)    Turns: 3262, Time: 00:06:17

Health: 0/31       AC:  1    Str:  7    XL:     5   Next: 94%
Magic:  6/9        EV: 13    Int: 26    God:
Gold:   155        SH:  0    Dex: 12    Spells: 6/10 levels left

rFire   . . .        (no weapon)
rCold   . . .        (no shield)
rNeg    . . .        (helmet restricted)
rPois   .            (no amulet)
rElec   .            c - +6 ring of intelligence
rCorr   .            (no ring)
SInv    .            (no ring)
Will    .....        (no ring)
Stlth   ++++         (no ring)
HPRegen 0.25/turn    (no ring)
MPRegen 0.11/turn    (no ring)
                     (no ring)

%: no passive effects
@: lethally poisoned (0 -> -6), weak-willed
A: almost no armour, amphibious, 8 rings, camouflage 1, gelatinous body 1,
(nimble swimmer 1), tentacles
a: no special abilities


You were on level 5 of the Dungeon.
You visited 1 branch of the dungeon, and saw 5 of its levels.

You collected 155 gold pieces.

Inventory:

Jewellery
 c - a +6 ring of intelligence (left tentacle)
 g - a ring of ice
Wands
 k - a wand of digging (2)
Scrolls
 e - 5 scrolls of identify {unknown}
 h - a scroll of noise {unknown}
 i - a scroll of teleportation {unknown}
 l - a scroll of immolation {unknown}
 m - a scroll of vulnerability
Potions
 a - a potion of magic
 b - a potion of brilliance {unknown}
 d - a potion of heal wounds {unknown}
 j - 2 potions of curing {unknown}


   Skills:
 - Level 0.3 Fighting
 - Level 2.0 Dodging
 - Level 5.0 Stealth
 - Level 0.4 Unarmed Combat
 + Level 3.1 Spellcasting
 + Level 2.6 Conjurations
 + Level 4.0 Earth Magic


You had 6 spell levels left.
You knew the following spells:

 Your Spells              Type           Power      Damage    Failure   Level
a - Sandblast             Erth           50%        2d12      1%          1
b - Stone Arrow           Conj/Erth      42%        3d9       7%          3

Your spell library contained the following spells:

 Spells                   Type           Power      Damage    Failure   Level
 Passwall                 Erth           25%        N/A       5%          3
 Brom's Barrelling Bould  Conj/Erth      21%        2d4       24%         4
 Petrify                  Alch/Erth      14%        N/A       38%         4


Dungeon Overview and Level Annotations

Branches:
Dungeon (5/15)
 Temple: D:4-7

Altars:
Ashenzari
Elyvilon
Fedhas
Qazlal
Ru
Zin
The Shining One

Annotations:
D:5 Pikel


Innate Abilities, Weirdness & Mutations

You cannot wear most types of armour.
You are amphibious.
You can wear up to eight rings at the same time.
Your skin changes colour to match your surroundings (Stealth+).
Your rubbery body absorbs attacks. (AC +1, EV +1)
((You are camouflaged when in or above water. (Stealth+)))
You have tentacles for arms and can constrict up to eight enemies at once.


Message History

The adder hisses angrily.
There is a stone staircase leading up here.
The blast of sand hits the scorpion but does no damage.
The lemure shouts!
The lemure attacks as it pursues you! The lemure misses you.
The scorpion barely misses you. The adder barely misses you.
Okay, then.
Aiming: Dig
Press: ? - help, Shift-Dir - straight line, p - scorpion A rock wall.
The rock shatters into small pieces.
The adder closely misses you. The scorpion stings you!
The lemure barely misses you. The scorpion attacks as it pursues you!
The scorpion misses you. The lemure attacks as it pursues you!
The lemure closely misses you.
The blast of sand hits the adder!
You kill the adder!
The scorpion barely misses you.
Your Earth Magic skill increases to level 4!
The blast of sand hits the scorpion!
The scorpion is severely wounded.
The scorpion stings you. The scorpion closely misses you.
The blast of sand hits the scorpion but does no damage.
The scorpion is severely wounded.
The scorpion stings you. x2
You are poisoned.
The scorpion poisons you!
You are too injured to fight recklessly!
Okay, then.
As you read the scroll labelled IRABRO JEYBIU, it crumbles to dust.
A wave of despondency washes over your surroundings.
It was a scroll of vulnerability.
You feel very sick. The scorpion stings you.
* * * LOW HITPOINT WARNING * * *
As you read the scroll labelled WEUR VOSOA, it crumbles to dust.
It is a scroll of amnesia.
Okay, then.
* * * LOW HITPOINT WARNING * * *
You feel sick. The scorpion stings you!
You die...

##### ###
##....##@#
##.....5s##
#.......5#
........<#
..........#
######..###
##..# #...#
#####..######


You could see 2 lemures and a scorpion (weak-willed).

Vanquished Creatures
  A lemure (D:4)
  A scorpion (D:4)
  A hound (D:4)
  5 adders
  2 dart slugs
  3 orcs
  7 endoplasms
  A giant cockroach (D:2)
  11 goblins
  6 hobgoblins
  7 jackals
  7 kobolds
  3 quokkas
  8 ball pythons
  3 bats
  5 frilled lizards
  9 rats
80 creatures vanquished.

Notes
Turn   | Place    | Note
-------+----------+-------------------------------------------
     0 | D:1      | Finalfun the Octopode Earth Elementalist began the quest
                  | for the Orb.
     0 | D:1      | Reached XP level 1. HP: 11/11 MP: 3/3
    30 | D:1      | Reached skill level 3 in Stealth
   154 | D:1      | Reached XP level 2. HP: 13/17 MP: 3/5
   195 | D:1      | Reached skill level 4 in Stealth
   623 | D:1      | Reached XP level 3. HP: 21/21 MP: 6/6
   795 | D:1      | Found a faded altar of an unknown god.
   932 | D:1      | Learned a level 3 spell: Stone Arrow
  1064 | D:2      | Reached skill level 5 in Stealth
  1197 | D:2      | Reached XP level 4. HP: 11/27 MP: 5/7
  1286 | D:2      | Found a stormy altar of Qazlal.
  1998 | D:3      | Found a broken altar of Ashenzari.
  1999 | D:3      | Found a blossoming altar of Fedhas.
  2626 | D:4      | Reached XP level 5. HP: 31/31 MP: 5/9
  3017 | D:4      | Found a sacrificial altar of Ru.
  3100 | D:4      | Found a white marble altar of Elyvilon.
  3100 | D:4      | Found a glowing silver altar of Zin.
  3100 | D:4      | Found a glowing golden altar of the Shining One.
  3143 | D:5      | Entered Level 5 of the Dungeon
  3143 | D:5      | Noticed a lemure
  3144 | D:5      | Noticed Pikel
  3145 | D:5      | Noticed a lemure
  3147 | D:5      | Noticed a lemure
  3156 | D:4      | Killed a lemure
  3252 | D:5      | Noticed a lemure
  3262 | D:5      | Slain by a scorpion

Illustrated notes

Levels and vault maps discovered:
D:1:      saegor_arrival_simple_e, layout_basic, shapermc_ecumenical_altar_venn
D:2:      layout_rooms, basic_altar
D:3:      layout_rooms, minitemple
D:4:      layout_loops_ring, good_gods_mini_temple, lemuel_doored_altar,
          minivault_11
D:5:      layout_cave_pods, yredelemnul_altar_generic, kennysheep_slug_shrine,
          minmay_temple_entry_slanted, roderic_batcave, corexii_checkpoint,
          minmay_misc_feat_rugged, nicolae_concentric_dashed_squares_wild,
          uniq_pikel

Skill      XL: |  1  2  3  4  5 |
---------------+----------------+-----
Stealth        | 3 4 5 |  5.0
Conjurations   | 2 |  2.6
Spellcasting   | 3 |  3.1
Earth Magic    | 4 |  4.0
Fighting       | |  0.3
Dodging        | |  2.0
Unarmed Combat | |  0.4

Action                     |  1- 3 |  4- 6 || total
---------------------------+-------+-------++-------
  Melee: Unarmed           |    46 |    13 ||    59
         Constrict         |    15 |     2 ||    17
         Tentacles         |    11 |     2 ||    13
         Punch             |     1 |       ||     1
   Cast: Sandblast         |    24 |    64 ||    88
  Evoke: Wand              |       |     1 ||     1
    Use: Scroll            |       |     2 ||     2
   Stab: Sleeping          |     5 |     3 ||     8
 Armour: Skin              |    39 |    23 ||    62
  Dodge: Dodged            |    33 |    27 ||    60
